 Dungeon Crawl Stone Soup version 0.26-a0-542-gbaa144ba5c (webtiles) character file.

Game seed: 6096744912198452763

129 MrRokkomies the Vexing (level 4, -2/18 HPs)
             Began as a Felid Enchanter on Aug 17, 2020.
             Was an Initiate of Gozag.
             Slain by Blork the orc
             ... wielding a +0 scimitar
              (13 damage)
             ... on level 4 of the Dungeon.
             The game lasted 00:03:45 (2426 turns).

MrRokkomies the Vexing (Felid Enchanter)            Turns: 2426, Time: 00:03:46

Health: -2/18      AC:  1    Str:  4    XL:     4   Next: 88%
Magic:  5/8        EV: 19    Int: 18    God:    Gozag
Gold:   241        SH:  0    Dex: 16    Spells: 1/7 levels left
                                        Lives:  0   Deaths: 1

rFire    . . .     SeeInvis +     - Unarmed
rCold    . . .     Faith    .   (shield unavailable)
rNeg     . . .     Spirit   .   (armour unavailable)
rPois    .         Reflect  .   (helmet unavailable)
rElec    .         Harm     .   (cloak unavailable)
rCorr    .                      (gloves unavailable)
MR       .....                  (boots unavailable)
Stlth    +++.......             (no amulet)
HPRegen  0.06/turn              (no ring)
MPRegen  0.11/turn              (no ring)

@: quick
A: very small, no armour, no weapons or thrown items, stealth, claws 1, fangs 3,
see invisible, speed 1, shaggy fur 1, sharp paws
a: Potion Petition, Call Merchant, Bribe Branch, Renounce Religion


You were on level 4 of the Dungeon.
You worshipped Gozag.
Gozag was aware of your devotion.
You visited 1 branch of the dungeon, and saw 4 of its levels.

You collected 241 gold pieces.

Inventory:

Jewellery
 d - an uncursed ring of ice
Scrolls
 b - a scroll of fear {unknown}
 c - a scroll of remove curse {unknown}
 h - 4 scrolls of identify {unknown}
 i - a scroll of noise {unknown}
 k - a scroll of fog {unknown}
Potions
 a - 5 potions of curing {unknown}
 e - a potion of resistance {unknown}
 f - a potion of lignification {unknown}
 g - a potion of might {unknown}
 j - a potion of brilliance {unknown}


   Skills:
 + Level 4.1 Dodging
 + Level 5.2 Stealth
 * Level 3.3 Unarmed Combat
 - Level 2.0 Spellcasting
 * Level 6.5 Hexes


You had one spell level left.
You knew the following spells:

 Your Spells              Type           Power        Failure   Level
a - Corona                Hex            ####...      1%          1
b - Ensorcelled Hibernat  Hex/Ice        ##....       7%          2
c - Confusing Touch       Hex            ####....     3%          3

Your spell library contained the following spells:

 Spells                   Type           Power        Failure   Level
 Tukima's Dance           Hex            ####....     3%          3
 Dazzling Flash           Conj/Hex       ##....       14%         3


Dungeon Overview and Level Annotations

Branches:
Dungeon (4/15)
 Temple: D:4-7

Altars:
Fedhas
Gozag
Hepliaklqana
Nemelex Xobeh
Zin

Annotations:
D:3 Grinder
D:4 Blork the orc


Innate Abilities, Weirdness & Mutations

You cannot wear armour.
You are incapable of wielding weapons or throwing items.
Your paws allow you to move quietly. (Stealth)
You have sharp claws.
You have razor-sharp teeth.
You have supernaturally acute eyesight. (SInv)
You cover ground quickly.
You are covered in fur. (AC +1)
Your sharp claws are effective at attacking unaware monsters.


Message History

Blork the orc points at you and mumbles some strange words.
The magic dart hits you!
Found a long sword.
Casting: Confusing Touch (quite dangerous; 3% risk of failure)
Confirm with . or Enter, or press ? or * to list all spells.
The spell is quite dangerous to cast (3% risk of failure)!
Continue anyway?
Your paws begin to glow red.
The leopard gecko hisses angrily.
You scratch Blork the orc but do no damage.
Blork the orc appears confused.
You scratch Blork the orc.
Blork the orc is lightly wounded.
Blork the orc completely misses you.
You completely miss Blork the orc.
Blork the orc is lightly wounded.
The leopard gecko barely misses you.
Blork the orc hits you with a +0 scimitar!
Ouch! That really hurt!
You die...
Your body crumbles into a pile of gold.

.. .. . ). .. $ ## .#
#... #.# ..##.... ...
##..# .....# ....
###....###o....###....
#.......l@##..........
#.....................
##....................
#.................)...
#.....................
##........#..<........
#........#........#..
#.......#####.#####
........# #..#


You could see Blork the orc (confused) and a leopard gecko.

Vanquished Creatures
  Sigmund (D:2)
  Jessica (D:3)
  An adder (D:3)
  2 dart slugs (D:1)
  3 leopard geckos
  3 giant cockroaches (D:3)
  2 goblins
  2 hobgoblins (D:2)
  2 quokkas
  6 bats
  3 frilled lizards
  7 kobolds
  4 rats
37 creatures vanquished.

Notes
Turn   | Place    | Note
-------+----------+-------------------------------------------
     0 | D:1      | MrRokkomies the Felid Enchanter began the quest for the
                  | Orb.
     0 | D:1      | Reached XP level 1. HP: 7/7 MP: 4/4
   197 | D:1      | Reached XP level 2. HP: 6/11 MP: 6/6
   826 | D:2      | Found a faded altar of an unknown god.
   830 | D:2      | Learned a level 2 spell: Ensorcelled Hibernation
   837 | D:2      | Became a worshipper of Gozag Ym Sagoz the Greedy
   840 | D:2      | Reached skill level 5 in Hexes
  1232 | D:2      | Noticed Sigmund
  1236 | D:2      | Killed Sigmund
  1236 | D:2      | Reached skill level 5 in Stealth
  1236 | D:2      | Reached skill level 6 in Hexes
  1236 | D:2      | Reached XP level 3. HP: 8/14 MP: 4/7
  1236 | D:2      | Reached XP level 4. HP: 11/18 MP: 4/8
  1236 | D:2      | Reached XP level 5. HP: 13/21 MP: 4/9
  1400 | D:2      | Found a hazy altar of Hepliaklqana.
  1681 | D:3      | Found a glowing silver altar of Zin.
  1771 | D:3      | Noticed Jessica
  1778 | D:3      | Killed Jessica
  1906 | D:3      | Found a blossoming altar of Fedhas.
  2085 | D:3      | Noticed Grinder
  2106 | D:4      | Learned a level 3 spell: Confusing Touch
  2119 | D:3      | Slain by Grinder
  2120 | D:3      | Reached XP level 4. HP: -2/18 MP: 6/8
  2267 | D:3      | Found a sparkling altar of Nemelex Xobeh.
  2267 | D:3      | Found an opulent altar of Gozag.
  2417 | D:4      | Noticed Blork the orc
  2426 | D:4      | Slain by Blork the orc

Illustrated notes

Levels and vault maps discovered:
D:1:      matt_arrival_refuge, layout_basic, corexii_leaking_fountain
D:2:      layout_loops_ring, nicolae_overflow_hidden_temple,
          chequers_ecumenical_altar_simple_redux, nrook_uturn,
          roderic_filled_cross, uniq_sigmund
D:3:      layout_rooms, grunt_temple_overflow_opulence, zin_academy,
          fedhas_altar_2, uniq_jessica, uniq_grinder
D:4:      minmay_wonky_spiral, layout_cave_pools, uniq_blork_the_orc,
          uniq_natasha

Skill      XL: |  1  2  3  4  5 |
---------------+----------------+-----
Dodging        | 3 4 |  4.1
Hexes          | 6 |  6.5
Stealth        | 5 |  5.2
Unarmed Combat | 3 |  3.3
Spellcasting   | |  2.0

Action                   |  1- 3 |  4- 6 || total
-------------------------+-------+-------++-------
Melee: Unarmed           |    58 |    45 ||   103
       Bite              |     2 |     1 ||     3
 Cast: Ensorcelled Hiber |     2 |     3 ||     5
       Confusing Touch   |       |     2 ||     2
 Stab: Sleeping          |    13 |     9 ||    22
Armor: Skin              |     1 |     1 ||     2
Dodge: Dodged            |    33 |    40 ||    73

Table legend: (Time is in decaauts)
 A = Elapsed time spent in this place.
 B = Non-inter-level travel time spent in this place.
 C = Inter-level travel time spent in this place.
 D = Time resting spent in this place.
 E = Time spent auto-exploring this place.
 F = Levels seen in this place.
 G = Mean time per level.
                   A        B        C        D        E       F      G
               +--------+--------+--------+--------+--------+-----+--------+
         Total |   2094 |   2015 |     79 |    216 |   1486 |   4 |  523.5 |
       Dungeon |   2094 |   2015 |     79 |    216 |   1486 |   4 |  523.5 |
               +--------+--------+--------+--------+--------+-----+--------+

Top non-repeatable levels by time:
     D:2: 787 daAuts
     D:1: 660 daAuts
     D:3: 625 daAuts
     D:4: 21 daAuts
